 Dungeon Crawl Stone Soup version 0.28-a0-1504-g839a4452db (webtiles) character file.

Game seed: 2836793856977100995

33 Cheeritup the Vandal (level 3, -1/29 HPs)
             Began as a Formicid Hunter on Jan 13, 2022.
             Succumbed to Terence's poison
             ... on level 2 of the Dungeon.
             The game lasted 00:04:27 (1255 turns).

Cheeritup the Vandal (Formicid Hunter)              Turns: 1255, Time: 00:04:28

Health: -1/29      AC:  8    Str: 18    XL:     3   Next: 47%
Magic:  3/3        EV:  7    Int: 10    God:
Gold:   83         SH:  0    Dex: 11    Spells: 2/2 levels left

rFire   . . .      SeeInvis +   a - +0 short sword
rCold   . . .      Faith    .   (no shield)
rNeg    . . .      Spirit   .   e - +0 chain mail
rPois   .          Reflect  .   (helmet unavailable)
rElec   .          Harm     .   (no cloak)
rCorr   .          Rampage  .   (no gloves)
Will    .....                   (no boots)
Stlth   ..........              j - amulet of regeneration
HPRegen 0.89/turn               (no ring)
MPRegen 0.08/turn               (no ring)

@: lethally poisoned (-1 -> -15)
A: permanent stasis, dig shafts and tunnels, antennae 3, four strong arms
a: Dig, Shaft Self


You were on level 2 of the Dungeon.
You visited 1 branch of the dungeon, and saw 2 of its levels.

You collected 83 gold pieces.

Inventory:

Hand Weapons
 a - a +0 short sword (weapon)
 b - a +1 hunting sling
 k - a +0 long sword
Missiles
 c - 108 stones
 d - 5 sling bullets
Armour
 e - a +0 chain mail (worn)
Jewellery
 j - an amulet of regeneration (around neck)
Scrolls
 f - a scroll of teleportation {unknown}
 g - a scroll of amnesia {unknown}
 h - a scroll of identify {unknown}
 i - 3 scrolls of fear {unknown}
Potions
 l - a potion of brilliance {unknown}
 m - a potion of flight {unknown}


   Skills:
 + Level 3.3 Fighting
 - Level 5.0 Slings
 - Level 1.7 Dodging
 - Level 1.2 Stealth


You had 2 spell levels left.
You didn't know any spells.
Your spell library was empty.

Dungeon Overview and Level Annotations

Branches:
Dungeon (2/15)

Altars:

Shops:
D:1 *

Annotations:
D:2 Terence


Innate Abilities, Weirdness & Mutations

You cannot be hasted, slowed, berserked, paralysed or teleported.
You can dig through walls and to a lower floor.
You have a pair of large antennae on your head. (SInv)
Your four strong arms can wield two-handed weapons with a shield.


Message History

You shoot a sling bullet. The sling bullet hits Terence.
Terence is lightly wounded.
You shoot a sling bullet.
The sling bullet hits Terence but does no damage.
Terence is lightly wounded.
An endoplasm comes into view.
You shoot a sling bullet.
The sling bullet closely misses Terence.
The endoplasm quivers.
a - a +0 short sword (weapon)
Terence barely misses you.
You hit Terence but do no damage.
Terence is lightly wounded.
Terence hits you but does no damage.
You are poisoned.
You hit Terence but do no damage.
Terence is lightly wounded.
You feel sick. Terence hits you but does no damage.
You hit Terence.
Terence is moderately wounded.
You feel sick. Terence hits you but does no damage.
You are more poisoned.
The endoplasm closely misses you.
Terence hits you with a +2 hand axe of venom.
You are more poisoned.
You barely miss Terence.
Terence is moderately wounded.
You feel very sick.
The endoplasm hits you but does no damage.
Terence hits you with a +2 hand axe of venom!
You are more poisoned.
You hit Terence.
Terence is heavily wounded.
* * * LOW HITPOINT WARNING * * *
You feel extremely sick.
The endoplasm hits you but does no damage.
Terence closely misses you.
You barely miss Terence.
Terence is heavily wounded.
You die...

.....#...#.........
.........#..##..###
........##..##...###
...................
.......#.....#...#
.......#.....#...# #
..)....#.........###..#.
#.#.<...........@J(...(.
.....#..........@#..(##
...........##......#J.(
..##.#..#...#...|##..##
#.........#........ ##
#>........###......#
#.........# ...###..
..............## ###
###...... .... ......


You could see Terence and an endoplasm.

Vanquished Creatures
  A worm (D:2)
  3 ball pythons
  2 endoplasms (D:1)
  3 goblins (D:1)
  2 hobgoblins
  6 jackals (D:1)
  2 kobolds (D:1)
  A quokka (D:2)
  2 bats (D:1)
  2 frilled lizards (D:1)
  3 rats
27 creatures vanquished.

Notes
Turn   | Place    | Note
-------+----------+-------------------------------------------
     0 | D:1      | Cheeritup the Formicid Hunter began the quest for the Orb.
     0 | D:1      | Reached XP level 1. HP: 16/16 MP: 1/1
   180 | D:1      | Reached XP level 2. HP: 4/23 MP: 2/2
   182 | D:1      | HP: 1/23 [poisoned by a goblin]
   630 | D:1      | Reached XP level 3. HP: 29/29 MP: 3/3
   827 | D:1      | Found a faded altar of an unknown god.
   860 | D:1      | Found Duokh's General Store.
  1140 | D:2      | Reached skill level 5 in Slings
  1242 | D:2      | Noticed Terence
  1255 | D:2      | Succumbed to Terence's poison

Illustrated notes

Levels and vault maps discovered:
D:1:      heliophobic_arrival_glass_houses, layout_rooms, serial_shops,
          nicolae_shop_advertising_works [nicolae_subvault_shop_adworks],
          hellmonk_ecumenical_altar_lost_god
D:2:      layout_rooms, minmay_split_cup_large, uniq_terence,
          uniq_crazy_yiuf_cottage

Skill      XL: |  1  2  3 |
---------------+----------+-----
Fighting       | 3 |  3.3
Slings         | 5 |  5.0
Dodging        | |  1.7
Stealth        | |  1.2

Action                   || total
-------------------------++-------
Melee: Short sword       ||     6
 Fire: Hunting sling     ||    82
  Use: Potion            ||     1
Armor: Chain mail        ||    28
Dodge: Dodged            ||    10

Table legend: (Time is in decaauts)
 A = Elapsed time spent in this place.
 B = Non-inter-level travel time spent in this place.
 C = Inter-level travel time spent in this place.
 D = Time resting spent in this place.
 E = Time spent auto-exploring this place.
 F = Levels seen in this place.
 G = Mean time per level.
                   A        B        C        D        E       F      G
               +--------+--------+--------+--------+--------+-----+--------+
         Total |   1251 |   1221 |     30 |    303 |    629 |   2 |  625.5 |
       Dungeon |   1251 |   1221 |     30 |    303 |    629 |   2 |  625.5 |
               +--------+--------+--------+--------+--------+-----+--------+

Top non-repeatable levels by time:
     D:1: 1120 daAuts
     D:2: 130 daAuts
